XFBL
PITTSBURGH PIRATES @ PHILADELPHIA PHILLIES
06/11/1982
 
TOP OF THE 1ST
Pittsburgh Pirates batting - Pitching for Philadelphia Phillies : LHP Jon Matlack
Pitching: LHP Jon Matlack
Batting: RHB Dan Gladden 0-0: Called Strike
0-1: Ball
1-1: Fly out, F6 (Popup, 6MD, EV 68.8 MPH)
Batting: SHB Chili Davis 0-0: Called Strike
0-1: Swinging Strike
0-2: Ball
1-2: Foul Ball, location: 2F
1-2: Strikes out swinging
Batting: RHB Rennie Stennett 0-0: Fly out, F8 (Flyball, 89XD, EV 86.9 MPH)
Top of the 1st over - 0 runs, 0 hits, 0 errors, 0 left on base; Pittsburgh 0 - Philadelphia 0
BOTTOM OF THE 1ST
Philadelphia Phillies batting - Pitching for Pittsburgh Pirates : RHP Dennis Leonard
Pitching: RHP Dennis Leonard
Batting: RHB Andy Ramirez 0-0: Fly out, F7 (Flyball, 78M, EV 80.0 MPH)
Batting: RHB Andre Dawson 0-0: Ground out 4-3 (Groundball, 4, EV 87.5 MPH)
Batting: RHB Paul Molitor 0-0: Ground out 5-3 (Groundball, 56S, EV 81.9 MPH)
Bottom of the 1st over - 0 runs, 0 hits, 0 errors, 0 left on base; Pittsburgh 0 - Philadelphia 0
TOP OF THE 2ND
Pittsburgh Pirates batting - Pitching for Philadelphia Phillies : LHP Jon Matlack
Batting: LHB Robert Lopez 0-0: Foul Ball, location: 2F
0-1: Ball
1-1: Ball
2-1: Called Strike
2-2: Ball
3-2: Foul Ball, location: 2F
3-2: Fly out, F8 (Flyball, 8LD, EV 81.9 MPH)
Batting: LHB Greg Walker 0-0: Ball
1-0: Ball
2-0: Ball
3-0: Base on Balls
Batting: RHB Mike C Brown 0-0: Foul Ball, location: 2F
0-1: Foul Ball, location: 2F
0-2: Ball
1-2: Ball
2-2: Strikes out swinging
Batting: SHB John Shelby 0-0: Ball
1-0: Foul Ball, location: 2F
1-1: Foul Ball, location: 2F
1-2: Fly out, F7 (Flyball, 7LS, EV 83.8 MPH)
Top of the 2nd over - 0 runs, 0 hits, 0 errors, 1 left on base; Pittsburgh 0 - Philadelphia 0
BOTTOM OF THE 2ND
Philadelphia Phillies batting - Pitching for Pittsburgh Pirates : RHP Dennis Leonard
Batting: LHB Ken Phelps 0-0: Called Strike
0-1: Ball
1-1: Ball
2-1: Called Strike
2-2: Ball
3-2: SINGLE (Groundball, 6MD, EV 101.9 MPH)
Batting: RHB Candy Maldonado 0-0: Grounds into double play, 5-4-3 (Groundball, 56, EV 85.0 MPH)
Batting: LHB Cecil Cooper 0-0: Ball
1-0: Foul Ball, location: 2F
1-1: Ball
2-1: Foul Ball, location: 2F
2-2: Ball
3-2: Foul Ball, location: 2F
3-2: Foul Ball, location: 2F
3-2: Ground out 5-3 (Groundball, 5, EV 85.0 MPH)
Bottom of the 2nd over - 0 runs, 1 hit, 0 errors, 0 left on base; Pittsburgh 0 - Philadelphia 0
TOP OF THE 3RD
Pittsburgh Pirates batting - Pitching for Philadelphia Phillies : LHP Jon Matlack
Batting: SHB Ron Oester 0-0: Ball
1-0: Ball
2-0: Called Strike
2-1: Ball
3-1: Called Strike
3-2: Base on Balls
Batting: RHB Dennis Leonard 0-0: Bunt - Flyout to 2L! F2
Batting: RHB Dan Gladden 0-0: Called Strike
0-1: Ball
1-1: Foul Ball, location: 2F
1-2: Fielders Choice at 2nd, 4-6 (Groundball, 34, EV 104.4 MPH)
Batting: SHB Chili Davis 0-0: Swinging Strike
0-1: Called Strike
0-2: Ball
1-2: Ball
2-2: Ball
3-2: Fly out, F8 (Flyball, 8RD, EV 107.5 MPH)
Top of the 3rd over - 0 runs, 0 hits, 0 errors, 1 left on base; Pittsburgh 0 - Philadelphia 0
BOTTOM OF THE 3RD
Philadelphia Phillies batting - Pitching for Pittsburgh Pirates : RHP Dennis Leonard
Batting: RHB Jody Davis 0-0: Called Strike
0-1: Ground out 5-3 (Groundball, 56S, EV 76.3 MPH)
Batting: RHB Ivan de Jesus 0-0: Ball
1-0: Ball
2-0: Ball
3-0: Base on Balls
Batting: LHB Jon Matlack 0-0: Sac Bunt to P - play at first, batter OUT! 1-4
Ivan de Jesus to second
Batting: RHB Andy Ramirez 0-0: Fly out, F6 (Flyball, 5D, EV 89.4 MPH)
Bottom of the 3rd over - 0 runs, 0 hits, 0 errors, 1 left on base; Pittsburgh 0 - Philadelphia 0
TOP OF THE 4TH
Pittsburgh Pirates batting - Pitching for Philadelphia Phillies : LHP Jon Matlack
Batting: RHB Rennie Stennett 0-0: Ball
1-0: Ball
2-0: Ball
3-0: Ground out 6-3 (Groundball, 6M, EV 105.0 MPH)
Batting: LHB Robert Lopez 0-0: Ball
1-0: Ball
2-0: Ground out U3 (Groundball, 34, EV 86.9 MPH)
Batting: LHB Greg Walker 0-0: Called Strike
0-1: Ground out 5-3 (Groundball, 56, EV 85.0 MPH)
Top of the 4th over - 0 runs, 0 hits, 0 errors, 0 left on base; Pittsburgh 0 - Philadelphia 0
BOTTOM OF THE 4TH
Philadelphia Phillies batting - Pitching for Pittsburgh Pirates : RHP Dennis Leonard
Batting: RHB Andre Dawson 0-0: Called Strike
0-1: Ball
1-1: Ground out 4-3 (Groundball, 34, EV 88.1 MPH)
Batting: RHB Paul Molitor 0-0: Ground out 6-3 (Groundball, 6, EV 86.9 MPH)
Batting: LHB Ken Phelps 0-0: Ground out 2-3 (Groundball, 15S, EV 67.5 MPH)
Bottom of the 4th over - 0 runs, 0 hits, 0 errors, 0 left on base; Pittsburgh 0 - Philadelphia 0
TOP OF THE 5TH
Pittsburgh Pirates batting - Pitching for Philadelphia Phillies : LHP Jon Matlack
Batting: RHB Mike C Brown 0-0: Called Strike
0-1: Called Strike
0-2: Fly out, F8 (Flyball, 8RM, EV 91.9 MPH)
Batting: SHB John Shelby 0-0: Swinging Strike
0-1: Foul Ball, location: 2F
0-2: Ball
1-2: Strikes out swinging
Batting: SHB Ron Oester 0-0: Called Strike
0-1: Ground out U3 (Groundball, 3S, EV 64.4 MPH)
Top of the 5th over - 0 runs, 0 hits, 0 errors, 0 left on base; Pittsburgh 0 - Philadelphia 0
BOTTOM OF THE 5TH
Philadelphia Phillies batting - Pitching for Pittsburgh Pirates : RHP Dennis Leonard
Batting: RHB Candy Maldonado 0-0: DOUBLE (Line Drive, 89M, EV 91.9 MPH)
Batting: LHB Cecil Cooper 0-0: Ball
1-0: Called Strike
1-1: 2-RUN HOME RUN (Line Drive, 9D, EV 102.5 MPH), Distance : 393 ft
Batting: RHB Jody Davis 0-0: Fly out, F7 (Flyball, 7LS, EV 93.1 MPH)
Batting: RHB Ivan de Jesus 0-0: Ball
1-0: Ground out 4-3 (Groundball, 4, EV 80.0 MPH)
Batting: LHB Jon Matlack 0-0: Called Strike
0-1: Foul Ball, location: 2F
0-2: Strikes out looking
Bottom of the 5th over - 2 runs, 2 hits, 0 errors, 0 left on base; Pittsburgh 0 - Philadelphia 2
TOP OF THE 6TH
Pittsburgh Pirates batting - Pitching for Philadelphia Phillies : LHP Jon Matlack
Batting: RHB Dennis Leonard 0-0: Ball
1-0: Foul Ball, location: 2F
1-1: SINGLE (Line Drive, 34D, EV 98.8 MPH)
Batting: RHB Dan Gladden 0-0: Ball
1-0: Ball
2-0: Ball
3-0: Base on Balls
Dennis Leonard to second
Batting: SHB Chili Davis 0-0: 3-RUN HOME RUN (Flyball, 7D, EV 101.9 MPH), Distance : 394 ft
Batting: RHB Rennie Stennett 0-0: Ball
1-0: Fly out, F8 (Flyball, 8LXD, EV 105.6 MPH)
Batting: LHB Robert Lopez 0-0: Swinging Strike
0-1: Ball
1-1: Called Strike
1-2: Foul Ball, location: 2F
1-2: Ball
2-2: Ground out 5-3 (Groundball, 56S, EV 58.8 MPH)
Batting: LHB Greg Walker 0-0: Fly out, F6 (Popup, 6MD, EV 62.5 MPH)
Top of the 6th over - 3 runs, 2 hits, 0 errors, 0 left on base; Pittsburgh 3 - Philadelphia 2
BOTTOM OF THE 6TH
Philadelphia Phillies batting - Pitching for Pittsburgh Pirates : RHP Dennis Leonard
Batting: RHB Andy Ramirez 0-0: DOUBLE (Flyball, 8LXD, EV 103.1 MPH)
Batting: RHB Andre Dawson 0-0: Ball
1-0: Ball
Andy Ramirez steals 3rd base
2-0: Foul Ball, location: 2F
2-1: Ball
3-1: Ground out 4-3 (Groundball, 4, EV 85.6 MPH)
Batting: RHB Paul Molitor 0-0: Ball
1-0: Called Strike
1-1: Foul Ball, location: 2F
1-2: Ball
2-2: Fly out, F8 (Line Drive, 8LM, EV 94.4 MPH)
Runner from 3rd tags up, OUT at HOME! 8-2
Bottom of the 6th over - 0 runs, 1 hit, 0 errors, 0 left on base; Pittsburgh 3 - Philadelphia 2
TOP OF THE 7TH
Pittsburgh Pirates batting - Pitching for Philadelphia Phillies : LHP Jon Matlack
Batting: RHB Mike C Brown 0-0: Ball
1-0: Ball
2-0: Called Strike
2-1: Swinging Strike
2-2: Ball
3-2: Foul Ball, location: 2F
3-2: Foul Ball, location: 2F
3-2: Strikes out swinging
Batting: SHB John Shelby 0-0: Ground out 6-3 (Groundball, 6, EV 88.8 MPH)
Batting: SHB Ron Oester 0-0: Called Strike
0-1: Foul Ball, location: 2F
0-2: Foul Ball, location: 2F
0-2: Ball
1-2: Ball
2-2: Foul Ball, location: 2F
2-2: Ground out U3 (Groundball, 34, EV 93.1 MPH)
Top of the 7th over - 0 runs, 0 hits, 0 errors, 0 left on base; Pittsburgh 3 - Philadelphia 2
BOTTOM OF THE 7TH
Philadelphia Phillies batting - Pitching for Pittsburgh Pirates : RHP Dennis Leonard
Batting: LHB Ken Phelps 0-0: Ball
1-0: Fly out, F5 (Popup, 25, EV 80.0 MPH)
Batting: RHB Candy Maldonado 0-0: Called Strike
0-1: Ball
1-1: Ground out 5-3 (Groundball, 56S, EV 87.5 MPH)
Batting: LHB Cecil Cooper 0-0: Swinging Strike
0-1: Swinging Strike
0-2: Strikes out swinging
Bottom of the 7th over - 0 runs, 0 hits, 0 errors, 0 left on base; Pittsburgh 3 - Philadelphia 2
TOP OF THE 8TH
Pittsburgh Pirates batting - Pitching for Philadelphia Phillies : LHP Jon Matlack
Batting: RHB Dennis Leonard 0-0: Ball
1-0: Ball
2-0: Ball
3-0: Called Strike
3-1: Foul Ball, location: 2F
3-2: Strikes out swinging
Batting: RHB Dan Gladden 0-0: Called Strike
0-1: Ball
1-1: Swinging Strike
1-2: Foul Ball, location: 2F
1-2: Ball
2-2: Fly out, F7 (Flyball, 78S, EV 88.1 MPH)
Batting: SHB Chili Davis 0-0: Called Strike
0-1: Ball
1-1: Ball
2-1: Fly out, F7 (Flyball, 78S, EV 87.5 MPH)
Top of the 8th over - 0 runs, 0 hits, 0 errors, 0 left on base; Pittsburgh 3 - Philadelphia 2
BOTTOM OF THE 8TH
Philadelphia Phillies batting - Pitching for Pittsburgh Pirates : RHP Dennis Leonard
Batting: RHB Jody Davis 0-0: Called Strike
0-1: Foul Ball, location: 2F
0-2: Ball
1-2: Foul Ball, location: 2F
1-2: Ball
2-2: Strikes out swinging
Batting: RHB Ivan de Jesus 0-0: Called Strike
0-1: Ball
1-1: Foul Ball, location: 2F
1-2: Ground out 6-3 (Groundball, 56S, EV 85.0 MPH)
Pinch Hitting: LHB Terry Bogener 0-0: Called Strike
0-1: Ball
1-1: Foul Ball, location: 2F
1-2: Ball
2-2: Foul Ball, location: 2F
2-2: Ground out U3 (Groundball, 3, EV 100.0 MPH)
Bottom of the 8th over - 0 runs, 0 hits, 0 errors, 0 left on base; Pittsburgh 3 - Philadelphia 2
TOP OF THE 9TH
Pittsburgh Pirates batting - Pitching for Philadelphia Phillies : LHP Jon Matlack
Pitching: RHP Tom Hume
Batting: RHB Rennie Stennett 0-0: Called Strike
0-1: Ball
1-1: Ball
2-1: Fly out, F8 (Flyball, 89D, EV 103.8 MPH)
Batting: LHB Robert Lopez 0-0: Ball
1-0: SINGLE (Groundball, 3S, EV 70.0 MPH) (infield hit)
Batting: LHB Greg Walker 0-0: Ball
1-0: Foul Ball, location: 2F
1-1: Ball
2-1: SINGLE (Groundball, 4MD, EV 98.1 MPH)
Robert Lopez to second
Batting: RHB Mike C Brown 0-0: Foul Ball, location: 2F
0-1: Swinging Strike
0-2: Ball
1-2: Ball
2-2: Fly out, F7 (Flyball, 78XD, EV 101.3 MPH)
Runner from 2nd tags up, SAFE at 3rd, no throw by LF
Batting: SHB John Shelby 0-0: Ball
1-0: Swinging Strike
1-1: Swinging Strike
1-2: Foul Ball, location: 2F
1-2: Fly out, F7 (Flyball, 7, EV 88.8 MPH)
Top of the 9th over - 0 runs, 2 hits, 0 errors, 2 left on base; Pittsburgh 3 - Philadelphia 2
BOTTOM OF THE 9TH
Philadelphia Phillies batting - Pitching for Pittsburgh Pirates : RHP Dennis Leonard
Batting: RHB Andy Ramirez 0-0: Ground out 1-3 (Groundball, 13, EV 69.4 MPH)
Batting: RHB Andre Dawson 0-0: Fly out, F8 (Flyball, 8RM, EV 83.1 MPH)
Batting: RHB Paul Molitor 0-0: Called Strike
0-1: Ground out 6-3 (Groundball, 6M, EV 105.0 MPH)
Bottom of the 9th over - 0 runs, 0 hits, 0 errors, 0 left on base; Pittsburgh 3 - Philadelphia 2
Thursday, August 6th, 2020 - OOTP Baseball 21.5 Build 76